% Time on Ice - SEATTLE GRUNGE
Lines # - Real PCT - Wanted PCT - Time Play
Normal Forward
1 - 33% - 36% - 17:47
2 - 29% - 31% - 15:34
3 - 22% - 23% - 11:54
4 - 15% - 10% - 8:18
Normal Defense
1 - 32% - 36% - 17:18
2 - 30% - 31% - 15:54
3 - 31% - 23% - 16:48
4 - 7% - 10% - 3:33
PP Forward
1 - 68% - 55% - 2:43
2 - 32% - 45% - 1:15
PP Defense
1 - 42% - 55% - 1:40
2 - 58% - 45% - 2:18
PK Forward
1 - 58% - 55% - 1:16
2 - 42% - 45% - 0:56
PK Defense
1 - 51% - 55% - 1:07
2 - 49% - 45% - 1:05
PK3 Forward
1 - 0% - 55%
2 - 0% - 45%
PK3 Defense
1 - 0% - 55%
2 - 0% - 45%
44 Forward
1 - 0% - 55%
2 - 0% - 45%
44 Defense
1 - 0% - 55%
2 - 0% - 45%
Last Minute Offensive  - 0:17
Last Minute Defensive  - 0:00
Total
Forward - 60:00
Defense - 60:00
% Time on Ice - TEXAS TOROS
Lines # - Real PCT - Wanted PCT - Time Play
Normal Forward
1 - 33% - 36% - 17:37
2 - 28% - 31% - 14:47
3 - 24% - 23% - 12:27
4 - 15% - 10% - 8:03
Normal Defense
1 - 29% - 36% - 15:11
2 - 32% - 31% - 16:54
3 - 18% - 23% - 9:28
4 - 21% - 10% - 11:21
PP Forward
1 - 55% - 55% - 1:12
2 - 45% - 45% - 1:00
PP Defense
1 - 55% - 55% - 1:12
2 - 45% - 45% - 1:00
PK Forward
1 - 61% - 55% - 2:26
2 - 39% - 45% - 1:32
PK Defense
1 - 67% - 55% - 2:40
2 - 33% - 45% - 1:18
PK3 Forward
1 - 0% - 55%
2 - 0% - 45%
PK3 Defense
1 - 0% - 55%
2 - 0% - 45%
44 Forward
1 - 0% - 55%
2 - 0% - 45%
44 Defense
1 - 0% - 55%
2 - 0% - 45%
Last Minute Offensive  - 0:00
Last Minute Defensive  - 0:56
Total
Forward - 60:00
Defense - 60:00
Play-by-Play 1st period 0:01 of 1st period - Tyler Seguin wins face-off versus Jason Zucker in neutral zone. 0:03 of 1st period - Roman Josi is hit by Johnathan Kovacevic and loses puck. 0:22 of 1st period - Shot by Jason Zucker. 0:22 of 1st period - Shot Blocked by Roman Josi. 0:24 of 1st period - Shot by Vladislav Namestnikov. 0:24 of 1st period - Deflect By Jason Zucker. 0:24 of 1st period - Stopped by Devan Dubnyk without a rebound. 0:25 of 1st period - Eetu Luostarinen wins face-off versus Rem Pitlick in SEATTLE GRUNGE zone. 1:31 of 1st period - Minor Penalty to Riley Sheahan for Charging. 1:32 of 1st period - Brandon Duhaime wins face-off versus Tyler Seguin in SEATTLE GRUNGE zone. 1:42 of 1st period - Shot by Vladislav Namestnikov. 1:42 of 1st period - Deflect By Jason Zucker. 1:42 of 1st period - Shot Blocked by David Savard. 1:44 of 1st period - Shot by Owen Power. 1:44 of 1st period - Goal by Owen Power - SEATTLE GRUNGE : 0 - TEXAS TOROS : 1. 1:45 of 1st period - Riley Sheahan wins face-off versus Taylor Raddysh in neutral zone. 2:03 of 1st period - Icing by Travis Sanheim. 2:04 of 1st period - Riley Sheahan wins face-off versus Bobby Brink in SEATTLE GRUNGE zone. 3:08 of 1st period - Minor Penalty to Tomas Tatar for Boarding. 3:09 of 1st period - Eetu Luostarinen wins face-off versus Tyler Seguin in SEATTLE GRUNGE zone. 3:27 of 1st period - Off-side. 3:28 of 1st period - Jakub Vrana wins face-off versus Brandon Duhaime in neutral zone. 3:48 of 1st period - Shot by Jason Zucker. 3:48 of 1st period - Shot Misses the Net. 3:50 of 1st period - Shot by Brandon Duhaime. 3:50 of 1st period - Stopped by Devan Dubnyk with a rebound. 4:10 of 1st period - Shot by Tyson Barrie. 4:10 of 1st period - Stopped by Devan Dubnyk without a rebound. 4:11 of 1st period - Barrett Hayton wins face-off versus Milan Lucic in SEATTLE GRUNGE zone. 4:41 of 1st period - Shot by Tyson Barrie. 4:41 of 1st period - Stopped by Devan Dubnyk without a rebound. 4:42 of 1st period - Jason Zucker wins face-off versus Tyler Seguin in SEATTLE GRUNGE zone. 5:30 of 1st period - Shot by Roman Josi. 5:30 of 1st period - Shot Misses the Net. 7:48 of 1st period - Shot by Milan Lucic. 7:48 of 1st period - Stopped by Adin Hill without a rebound. 7:49 of 1st period - Riley Sheahan wins face-off versus Bobby Brink in TEXAS TOROS zone. 7:54 of 1st period - Shot by Carl Hagelin. 7:54 of 1st period - Deflect By Morgan Geekie. 7:54 of 1st period - Stopped by Adin Hill without a rebound. 7:55 of 1st period - Tyler Seguin wins face-off versus Jason Zucker in TEXAS TOROS zone. 7:56 of 1st period - Shot by Kyle Palmieri. 7:56 of 1st period - Shot Misses the Net. 8:06 of 1st period - Shot by Jason Zucker. 8:06 of 1st period - Deflect By Vladislav Namestnikov. 8:06 of 1st period - Stopped by Devan Dubnyk without a rebound. 8:07 of 1st period - Ryan Poehling wins face-off versus Warren Foegele in SEATTLE GRUNGE zone. 8:19 of 1st period - Icing by Dante Fabbro. 8:20 of 1st period - Tyler Seguin wins face-off versus Ryan Poehling in TEXAS TOROS zone. 8:27 of 1st period - Shot by Tyler Seguin. 8:27 of 1st period - Stopped by Adin Hill without a rebound. 8:28 of 1st period - Tyler Seguin wins face-off versus Vladislav Namestnikov in TEXAS TOROS zone. 8:42 of 1st period - Off-side. 8:43 of 1st period - Ryan Poehling wins face-off versus Rem Pitlick in neutral zone. 9:10 of 1st period - Shot by Brandon Duhaime. 9:10 of 1st period - Stopped by Devan Dubnyk with a rebound. 9:21 of 1st period - Icing by Nick Seeler. 9:22 of 1st period - Bobby Brink wins face-off versus Rem Pitlick in SEATTLE GRUNGE zone. 9:22 of 1st period - Bobby Brink is hit by Nick Seeler. 9:34 of 1st period - Shot by Jason Zucker. 9:34 of 1st period - Deflect By Bobby Brink. 9:34 of 1st period - Shot Misses the Net. 9:52 of 1st period - Shot by Tyler Seguin. 9:52 of 1st period - Deflect By Kyle Palmieri. 9:52 of 1st period - Shot Misses the Net. 9:54 of 1st period - Shot by David Savard. 9:54 of 1st period - Goal by David Savard - SEATTLE GRUNGE : 1 - TEXAS TOROS : 1. 9:55 of 1st period - Riley Sheahan wins face-off versus Eetu Luostarinen in neutral zone. 10:08 of 1st period - Shot by Riley Sheahan. 10:08 of 1st period - Shot Misses the Net. 12:01 of 1st period - Icing by Nikita Zaitsev. 12:02 of 1st period - Eetu Luostarinen wins face-off versus Warren Foegele in SEATTLE GRUNGE zone. 12:15 of 1st period - Shot by Barrett Hayton. 12:15 of 1st period - Deflect By Mikey Eyssimont. 12:15 of 1st period - Shot Blocked by Warren Foegele. 13:27 of 1st period - Shot by Roman Josi. 13:27 of 1st period - Shot Hit the Post. 14:06 of 1st period - Shot by Kyle Palmieri. 14:06 of 1st period - Stopped by Adin Hill without a rebound. 14:07 of 1st period - Tyler Seguin wins face-off versus Bobby Brink in TEXAS TOROS zone. 14:09 of 1st period - Tomas Tatar is hit by Owen Power and loses puck. 14:18 of 1st period - Shot by Jason Zucker. 14:18 of 1st period - Stopped by Devan Dubnyk without a rebound. 14:19 of 1st period - Riley Sheahan wins face-off versus Taylor Raddysh in SEATTLE GRUNGE zone. 14:34 of 1st period - Shot by Morgan Geekie. 14:34 of 1st period - Shot Misses the Net. 15:45 of 1st period - Icing by Erik Gustafsson. 15:46 of 1st period - Warren Foegele wins face-off versus Taylor Raddysh in TEXAS TOROS zone. 15:49 of 1st period - Shot by Milan Lucic. 15:49 of 1st period - Shot Blocked by Johnathan Kovacevic. 16:23 of 1st period - Shot by Roman Josi. 16:23 of 1st period - Stopped by Adin Hill without a rebound. 16:24 of 1st period - Bobby Brink wins face-off versus Rem Pitlick in TEXAS TOROS zone. 16:24 of 1st period - Bobby Brink is hit by Garnet Hathaway. 17:16 of 1st period - Off-side. 17:17 of 1st period - Tyler Seguin wins face-off versus Eetu Luostarinen in neutral zone. 17:20 of 1st period - Barrett Hayton is hit by Kyle Palmieri. 17:25 of 1st period - Icing by Philippe Myers. 17:26 of 1st period - Tyler Seguin wins face-off versus Barrett Hayton in TEXAS TOROS zone. 18:57 of 1st period - Shot by Jason Zucker. 18:57 of 1st period - Deflect By Vladislav Namestnikov. 18:57 of 1st period - Stopped by Devan Dubnyk without a rebound. 18:58 of 1st period - Ryan Poehling wins face-off versus Rem Pitlick in SEATTLE GRUNGE zone. 19:18 of 1st period - Shot by Garnet Hathaway. 19:18 of 1st period - Shot Blocked by Dante Fabbro. 19:23 of 1st period - Minor Penalty to Dante Fabbro for Elbowing. 19:24 of 1st period - Jason Zucker wins face-off versus Carl Hagelin in TEXAS TOROS zone. Goals for this period are 1 for SEATTLE GRUNGE vs 1 for TEXAS TOROS. Shots for this period are 6 for SEATTLE GRUNGE vs 9 for TEXAS TOROS. 2nd period 0:01 of 2nd period - Tyler Seguin wins face-off versus Jason Zucker in neutral zone. 0: